 Dungeon Sprint DCSS version 0.21-a0-401-g0b6bec4 (webtiles) character file.

1008 pipel the Thaumaturge (level 8, -7/45 HPs)
             Began as a Deep Elf Fire Elementalist on Oct 25, 2017.
             Was a High Priest of Vehumet.
             Mangled by a shadow wraith (27 damage)
             ... in the Dungeon (Sprint VII: "The Pits").
             The game lasted 00:09:01 (805 turns).

pipel the Thaumaturge (Deep Elf Fire Elementalist)   Turns: 805, Time: 00:09:02

Health: -7/45      AC:  2    Str:  5    XL:     8   Next: 1%
Magic:  8/26       EV: 17    Int: 23    God:    Vehumet [*****.]
Gold:   0          SH:  0    Dex: 15    Spells: 15/31 levels left

rFire    . . .     SeeInvis .   a - +2 trident
rCold    . . .     Gourm    .   (no shield)
rNeg     . . .     Faith    .   t - +0 robe
rPois    .         Spirit   .   (no helmet)
rElec    .         Reflect  .   (no cloak)
rCorr    .         Harm     .   (no gloves)
MR       .....     NoTele   +   (no boots)
Stlth    +++.......             (no amulet)
HPRegen  0.15/turn              (no ring)
MPRegen  0.20/turn              (no ring)

@: hasted and slowed
A: no striking features
a: Renounce Religion


You were in the Dungeon.
You worshipped Vehumet.
Vehumet was extremely pleased with you.
You were not hungry.

You visited 1 branch

Inventory:

Hand Weapons
 a - a +2 trident (weapon)
Missiles
 l - 10 stones (quivered)
Armour
 j - a +3 scale mail
 t - a +0 robe (worn)
Magical Staves
 b - an uncursed staff of energy
Scrolls
 n - 3 scrolls of remove curse
 o - 5 scrolls of amnesia
 p - a scroll of summoning
 q - 2 scrolls of vulnerability
Potions
 d - a potion of heal wounds
 e - 5 potions of curing
 g - 3 potions of magic
 h - 3 potions of berserk rage
 k - 2 potions of invisibility
Books
 m - a book of Flames

   Spells                             Type                      Level
   a - Flame Tongue                   Conjuration/Fire             1
   b - Throw Flame                    Conjuration/Fire             2
   c - Conjure Flame                  Conjuration/Fire             3
   d - Inner Flame                    Hexes/Fire                   3
   e - Sticky Flame                   Conjuration/Fire             4
   f - Fireball                       Conjuration/Fire             5
Comestibles
 c - 8 bread rations
 i - 3 chunks of flesh
 r - 40 fruits
 s - 7 meat rations


   Skills:
 + Level 2.7 Fighting
 + Level 1.3 Polearms
 + Level 0.1 Throwing
 + Level 7.7 Dodging
 + Level 5.3 Stealth
 + Level 12.3 Spellcasting
 + Level 6.7 Conjurations
 + Level 1.0 Hexes
 + Level 11.4 Fire Magic
 + Level 2.7 Evocations


You had 15 spell levels left.
You knew the following spells:

 Your Spells              Type           Power        Failure   Level  Hunger
a - Flame Tongue          Conj/Fire      #####        1%          1    None
b - Inner Flame           Hex/Fire       #####...     1%          3    None
c - Conjure Flame         Conj/Fire      ######..     1%          3    None
d - Sticky Flame          Conj/Fire      ######..     1%          4    None
e - Fireball              Conj/Fire      ######....   1%          5    ###....


Dungeon Overview and Level Annotations

Branches:
Dungeon (1/1)

Altars:
Ashenzari
Cheibriados
Dithmenos
Elyvilon
Fedhas
Gozag
Hepliaklqana
Kikubaaqudgha
Makhleb
Nemelex Xobeh
Okawaru
Qazlal
Ru
Sif Muna
Trog
Uskayaw
Vehumet
Wu Jian
Xom
Yredelemnul
Zin
The Shining One
Beogh
Jiyva
Lugonu


Message History

Something drains your vigour!
You feel as though you will be slow longer.
Casting: Sticky Flame
Confirm with . or Enter, or press ? or * to list all spells.
Aiming: Sticky Flame
Press: ? - help, Shift-Dir - straight line The sticky flame hits something.
Something hits you!
* * * LOW HITPOINT WARNING * * *
Something drains your vigour!
You feel as though you will be slow longer.
Some of the chunks of flesh in your inventory have rotted away.
You feel much better. Something hits you! Something drains your vigour!
You feel as though you will be slow longer.
Casting: Sticky Flame
Confirm with . or Enter, or press ? or * to list all spells.
Aiming: Flame Tongue
Press: ? - help, Shift-Dir - straight line The flame tongue hits something.
Something hits you!!
Ouch! That really hurt!
You die...

#.##'#.....##...<...#
#.#........##.......#
#.#........##.......#
#'###########.......#
#..)....#))##########
#..###..#.######
#.......#)#....#
##.###.##'#....#
#.......#@{....+
#..###..#'#.)..#
#.......'.# ...#
########### ###


There were no monsters in sight!

Vanquished Creatures
  An elephant (D)
  Grinder (D)
  A floating eye (D)
  An orc warrior (D)
  A black bear (D)
  Blork the orc (D)
  A crimson imp (D)
  A worker ant (D)
  A gnoll (D)
  An adder (D)
  2 ufetubi (D)
  An ooze (D)
  An adder skeleton (D)
  A leopard gecko (D)
  4 orcs (D)
  4 jackals (D)
  2 kobolds (D)
25 creatures vanquished.

Notes
Turn   | Place    | Note
-------+----------+-------------------------------------------
     0 | D        | pipel the Deep Elf Fire Elementalist began the quest for the Orb.
     0 | D        | Reached XP level 1. HP: 10/10 MP: 6/6
    43 | D        | Found a glowing golden altar of the Shining One.
    43 | D        | Found a glowing silver altar of Zin.
    43 | D        | Found a basalt altar of Yredelemnul.
    43 | D        | Found a shimmering altar of Xom.
    43 | D        | Found an ornate altar of the Wu Jian Council.
    43 | D        | Found a bloodstained altar of Trog.
    43 | D        | Found a deep blue altar of Sif Muna.
    43 | D        | Found a sacrificial altar of Ru.
    43 | D        | Found a stormy altar of Qazlal.
    43 | D        | Found an iron altar of Okawaru.
    43 | D        | Found a sparkling altar of Nemelex Xobeh.
    43 | D        | Found a burning altar of Makhleb.
    43 | D        | Found a viscous altar of Jiyva.
    43 | D        | Found a hazy altar of Hepliaklqana.
    43 | D        | Found an opulent altar of Gozag.
    43 | D        | Found a blossoming altar of Fedhas.
    43 | D        | Found a white marble altar of Elyvilon.
    43 | D        | Found a shadowy altar of Dithmenos.
    43 | D        | Found a snail-covered altar of Cheibriados.
    44 | D        | Found a radiant altar of Vehumet.
    44 | D        | Found a corrupted altar of Lugonu.
    44 | D        | Found a roughly hewn altar of Beogh.
    45 | D        | Found an ancient bone altar of Kikubaaqudgha.
    45 | D        | Found a hide-covered altar of Uskayaw.
    45 | D        | Found a shattered altar of Ashenzari.
    52 | D        | Became a worshipper of Vehumet
   116 | D        | Reached XP level 2. HP: 11/15 MP: 3/8
   201 | D        | Reached * piety under Vehumet
   201 | D        | Offered knowledge of Sandblast by Vehumet.
   201 | D        | Reached skill level 1 in Fighting
   201 | D        | Reached skill level 4 in Spellcasting
   201 | D        | Reached skill level 5 in Fire Magic
   214 | D        | Reached ** piety under Vehumet
   463 | D        | Offered knowledge of Shock by Vehumet.
   463 | D        | Reached XP level 3. HP: 20/20 MP: 8/11
   465 | D        | Reached *** piety under Vehumet
   473 | D        | Learned a level 3 spell: Inner Flame
   477 | D        | Learned a level 3 spell: Conjure Flame
   496 | D        | Noticed a floating eye
   501 | D        | Killed a floating eye
   501 | D        | Reached skill level 5 in Dodging
   501 | D        | Reached skill level 6 in Spellcasting
   501 | D        | Reached XP level 4. HP: 25/25 MP: 7/14
   507 | D        | Learned a level 4 spell: Sticky Flame
   559 | D        | Noticed a black bear
   562 | D        | Noticed Grinder
   569 | D        | Killed Grinder
   569 | D        | Reached skill level 9 in Spellcasting
   569 | D        | Reached XP level 5. HP: 24/30 MP: 2/18
   569 | D        | Reached XP level 6. HP: 29/35 MP: 2/20
   571 | D        | Reached **** piety under Vehumet
   571 | D        | Reached skill level 1 in Polearms
   571 | D        | Reached skill level 10 in Spellcasting
   571 | D        | Reached skill level 10 in Fire Magic
   585 | D        | Reached skill level 5 in Conjurations
   613 | D        | Offered knowledge of Ignite Poison by Vehumet.
   630 | D        | Learned a level 5 spell: Fireball
   637 | D        | Noticed an elephant
   656 | D        | Killed an elephant
   656 | D        | Reached skill level 5 in Stealth
   656 | D        | Reached skill level 11 in Spellcasting
   656 | D        | Reached XP level 7. HP: 40/40 MP: 2/24
   703 | D        | Reached ***** piety under Vehumet
   703 | D        | Reached skill level 12 in Spellcasting
   785 | D        | Noticed Blork the orc
   790 | D        | Killed Blork the orc
   790 | D        | Reached skill level 1 in Hexes
   790 | D        | Reached XP level 8. HP: 45/45 MP: 17/26
   805 | D        | Mangled by a shadow wraith

Vault maps used:
D:        pitsprint

Skill      XL: |  1  2  3  4  5  6  7 |
---------------+----------------------+-----
Fire Magic     | 4 5 7 9 11 | 11.4
Dodging        | 3 5 6 7 |  7.7
Fighting       | 1 2 |  2.7
Stealth        | 3 4 5 |  5.3
Spellcasting   | 4 6 9 11 12 | 12.3
Conjurations   | 3 4 6 |  6.7
Polearms       | 1 |  1.3
Evocations     | 2 |  2.7
Hexes          | 1 |  1.0
Throwing       | |  0.1

Action                   |  1- 3 |  4- 6 |  7- 9 || total
-------------------------+-------+-------+-------++-------
Melee: Trident           |    14 |     3 |     3 ||    20
Throw: Stone             |       |     1 |       ||     1
 Cast: Flame Tongue      |    26 |    11 |     3 ||    40
       Sticky Flame      |       |     4 |     7 ||    11
       Inner Flame       |       |     1 |     3 ||     4
       Conjure Flame     |       |     1 |     2 ||     3
       Fireball          |       |     2 |     2 ||     4
Evoke: Staff of energy   |       |     6 |     9 ||    15
  Use: Potion            |     2 |       |     6 ||     8
       Scroll            |       |     1 |       ||     1
 Stab: Sleeping          |       |     1 |       ||     1
  Eat: Chunk             |       |       |     1 ||     1
Armor: Robe              |     4 |     2 |       ||     6
Dodge: Dodged            |    27 |     7 |     4 ||    38

Table legend:
 A = Spawn XP
 B = Non-spawn XP
 C = Spawn XP percentage of total XP
 D = Spawn monster count
 E = Non-spawn monster count
 F = Spawn count percentage of total count
 G = Total turns spent on level
                    A         B        C        D         E        F      G
               +---------+---------+-------+---------+---------+-------+---------
         Total |       0 |    1440 |   0.0 |       0 |      25 |   0.0 |   805
               +---------+---------+-------+---------+---------+-------+---------
             D |       0 |    1440 |   0.0 |       0 |      25 |   0.0 |   805
               +---------+---------+-------+---------+---------+-------+---------
